 Dungeon Crawl Stone Soup version 0.31.0-11-ge490571c62 (webtiles) character file.

Game seed: 12740314496309333246

786 Curundu the Cleaver (level 7, 0/91 HPs)
             Began as a Minotaur Berserker on Feb 4, 2024.
             Was an Elder of Trog.
             Slain by a mummy (1 damage)
             ... in an ossuary.
             The game lasted 00:15:50 (3468 turns).

Curundu the Cleaver (Minotaur Berserker)            Turns: 3468, Time: 00:15:50

Health: 0/91       AC: 15    Str: 24    XL:     7   Next: 56%
Magic:  6/6        EV:  9    Int:  4    God:    Trog [****..]
Gold:   296        SH:  0    Dex:  9    Spells: 6/6 levels left

rFire   . . .        l - +0 war axe
rCold   . . .        (no shield)
rNeg    . . .        g - +0 chain mail
rPois   .            b - +2 hat
rElec   .            (no cloak)
rCorr   .            o - +1 Delatra's gloves {ID++}
SInv    .            e - +0 pair of boots
Will    .....        (no amulet) Stlth
                     (no ring)
HPRegen 0.35/turn    (no ring)
MPRegen 0.10/turn

%: no passive effects
@: berserking, marked, very quick
A: horns 2, retaliatory headbutt
a: Renounce Religion, Berserk, Trog's Hand, Brothers in Arms


You were in an ossuary.
You worshipped Trog.
Trog was greatly pleased with you.
You visited 1 branch of the dungeon, and saw 5 of its levels.
You also visited: Ossuary.

You collected 296 gold pieces.

Inventory:

Hand Weapons
 l - a +0 war axe (weapon)
Armour
 b - a +2 hat (worn)
 e - a +0 pair of boots (worn)
 g - a +0 chain mail (worn)
 o - the +1 Delatra's gloves (worn) {ID++}
   (You found it on level 3 of the Dungeon)

   ID++:      It heals its wearer when they drink unknown potions, and restores
   their MP when they read unknown scrolls.
Jewellery
 j - a ring of protection from fire
Scrolls
 c - a scroll of fog
 i - a scroll of amnesia {unknown}
 k - a scroll of teleportation {unknown}
 m - a scroll of identify
 n - 4 scrolls of poison {unknown}
Potions
 a - 2 potions of mutation
 d - a potion of resistance
 f - 2 potions of degeneration
 h - 2 potions of might
 p - a potion of curing {unknown}


   Skills:
 + Level 5.4 Fighting
 + Level 8.2 Axes
 + Level 5.3 Armour
 + Level 3.0 Dodging
 + Level 1.1 Stealth


You had 6 spell levels left.
You didn't know any spells.
Your spell library was empty.

Dungeon Overview and Level Annotations

Branches:
Dungeon (5/15)             Temple (0/1) D:4         Ossuary (1/1)

Altars:

Shops:
D:3 :


Innate Abilities, Weirdness & Mutations

You have a pair of horns on your head.
You reflexively headbutt those who attack you in melee.


Message History

You hit the mummy but do no damage. You closely miss the mummy.
You hit the gnoll zombie. The hound zombie barely misses you.
The gnoll zombie barely misses you. The mummy hits you! x2
You slash the hound zombie!
You destroy the hound zombie!
Trog accepts your kill.
You hit the mummy. You hit the mummy but do no damage.
You slash the gnoll zombie!
You destroy the gnoll zombie!
Trog accepts your kill.
You barely miss the mummy.
You headbutt the mummy, but do no damage.
You hit the orc zombie. You completely miss the mummy.
The mummy hits you but does no damage. The mummy hits you!
* * * LOW HITPOINT WARNING * * *
You barely miss the mummy. You hit the mummy.
You hit the orc zombie but do no damage.
The orc zombie closely misses you. The mummy hits you but does no damage.
Unknown command.
A red film seems to cover your vision as you go berserk!
You feel yourself moving faster!
You feel mighty!
The orc zombie hits you but does no damage.
The mummy hits you but does no damage.
You slash the mummy!
The mummy is heavily damaged.
You hit the mummy. You slash the orc zombie!
You destroy the orc zombie!
Trog accepts your kill. The mummy hits you!
* * * LOW HITPOINT WARNING * * *
You hit the mummy.
The mummy is severely damaged.
You hit the mummy. The mummy hits you.
* * * LOW HITPOINT WARNING * * *
You barely miss the mummy. Your headbutt misses the mummy.
The mummy is severely damaged.
You hit the mummy. You slash the gnoll zombie!
The gnoll zombie hits you but does no damage.
The mummy hits you.
You die...

###################
..................#
..................#
......8..8........#
..................#
.######M@######...#
#MZ# #...# #ZZ#
#...# #.Z# #...#
.... #...# ....##
#...# ....# #...#
.....# #...# ...∩.#
#...#


You could see 2 mummies, an adder zombie, a jackal zombie, a gnoll zombie and a
kobold zombie.

Vanquished Creatures
  2 ogres (D:4)
  An elf zombie (Ossuary)
  A scorpion (D:5)
  A bombardier beetle (D:5)
  A hound (D:4)
  An orc priest (D:5)
  A human zombie (Ossuary)
  4 orc wizards
  4 hound zombies (Ossuary)
  5 gnolls
  An adder (D:2)
  A shadow imp (D:5)
  An adder zombie (Ossuary)
  2 dart slugs (D:1)
  3 ribbon worms
  19 orcs
  13 endoplasms
  3 giant cockroaches
  7 goblins
  10 hobgoblins
  2 jackals (D:2)
  3 quokkas
  4 ball pythons
  6 bats
  3 frilled lizards
  8 gnoll zombies (Ossuary)
  3 jackal zombies (Ossuary)
  4 kobolds (D:1)
  5 kobold zombies (Ossuary)
  4 orc zombies (Ossuary)
  2 rats
125 creatures vanquished.

Notes
Turn   | Place    | Note
-------+----------+-------------------------------------------
     0 | D:1      | Curundu the Minotaur Berserker began the quest for the Orb.
     0 | D:1      | Reached XP level 1. HP: 19/19 MP: 0/0
    25 | D:1      | Reached skill level 4 in Axes
    25 | D:1      | Reached XP level 2. HP: 27/27 MP: 1/1
   263 | D:1      | Reached XP level 3. HP: 33/33 MP: 2/2
   554 | D:1      | Reached ** piety under Trog
   791 | D:2      | Identified the +2 robe "Raosetoc" {Harm Archmagi}
  1081 | D:2      | Reached XP level 4. HP: 41/41 MP: 3/3
  1476 | D:3      | Reached skill level 5 in Axes
  1486 | D:3      | Found Ruepac's Book Shoppe.
  1704 | D:3      | Reached XP level 5. HP: 23/47 MP: 4/4
  1830 | D:3      | Found the +1 Delatra's gloves {ID++}
  2296 | D:4      | Found a staircase to the Ecumenical Temple.
  2382 | D:4      | Reached *** piety under Trog
  2391 | D:4      | Noticed an ogre
  2400 | D:4      | Killed an ogre
  2401 | D:4      | Reached skill level 5 in Fighting
  2401 | D:4      | Reached skill level 6 in Axes
  2401 | D:4      | Reached XP level 6. HP: 56/56 MP: 5/5
  2846 | D:4      | Reached skill level 7 in Axes
  3025 | D:4      | Reached skill level 1 in Stealth
  3192 | D:5      | Entered Level 5 of the Dungeon
  3243 | D:5      | Reached skill level 5 in Armour
  3243 | D:5      | Reached XP level 7. HP: 59/61 MP: 6/6
  3369 | D:5      | Found a sand-covered staircase.
  3375 | Ossuary  | Entered an ossuary
  3455 | Ossuary  | Reached skill level 8 in Axes
  3458 | Ossuary  | Reached **** piety under Trog
  3467 | Ossuary  | HP: 1/91 [mummy (6)]
  3468 | Ossuary  | Slain by a mummy

Illustrated notes

Levels and vault maps discovered:
D:1:      saegor_arrival_simple_c, layout_loops_ring
D:2:      layout_loops_ring
D:3:      layout_basic, serial_shops, nicolae_square_shop,
          pf_guarded_unrand_delatra
D:4:      layout_gridville, minmay_temple_entry_statues
D:5:      layout_loops_corners, nicolae_ossuary_entry_false_entrances,
          serial_bayou_lagoon_a
Ossuary:  ossuary_tomb_1

Skill      XL: |  1  2  3  4  5  6  7 |
---------------+----------------------+-----
Axes           | 4 5 6 7 8 |  8.2
Fighting       | 4 5 |  5.4
Armour         | 3 5 |  5.3
Stealth        | 1 |  1.1
Dodging        | 3 |  3.0

Action                     |  1- 3 |  4- 6 |  7- 9 || total
---------------------------+-------+-------+-------++-------
  Melee: Hand axe          |    75 |    20 |       ||    95
         Headbutt          |    10 |    18 |    13 ||    41
         Punch             |     1 |     2 |     1 ||     4
         War axe           |       |    91 |    62 ||   153
 Invoke: Trog's Hand       |       |     4 |       ||     4
         Berserk           |       |     2 |     1 ||     3
    Use: Scroll            |     3 |     5 |       ||     8
 Armour: Animal skin       |     5 |       |       ||     5
         Ring mail         |     2 |       |       ||     2
         Chain mail        |    31 |   125 |    86 ||   242
  Dodge: Dodged            |    46 |    50 |    42 ||   138
